[Event "Late-Titled-Tuesday-Blitz-December-26-2023"]
[Site "Chess.com"]
[Date "2023.12.26"]
[Round "4"]
[White "wild3000"]
[Black "SEBAZZANO"]
[Result "1-0"]
[WhiteElo "2472"]
[BlackElo "2269"]
[TimeControl "180+1"]
[EndTime "14:36:55 PST"]
[Termination "wild3000 won by resignation"]

1. d4 Nf6 2. Nf3 g6 3. Nc3 d5 4.
g3 Bg7 5. Bg2 O-O 6. O-O c5 7.
e3 b6 8. b3 Ne4 9. Bb2 Nxc3 10. Bxc3 Bb7 11. Qc1 cxd4 12. Bxd4 Nc6 13. Bxg7 Kxg7 14.
c4 dxc4 15. Qxc4 Rc8 16. Rfd1 Qc7 17. Rac1 Qb8 18. Qh4 f6 19. Nd4 Nxd4 20. Qxd4 Bxg2 21. Kxg2 Rxc1 22. Rxc1 Rd8 23. Qc4 Qb7+ 24. Qc6 Qxc6+ 25. Rxc6 Rd2 26. a4 Rb2 27. Rc7 Rxb3 28. Rxe7+ Kh6 29. Rxa7 Ra3 30. Ra6 Ra2 31. Rxb6 Rxa4 32. Rxf6 Ra2 33. h4 Kg7 34. Rb6 Ra7 35. e4 Re7 36. f3 Kf7 37.
Kf2 Rc7 38. g4 Kg7 39. h5 gxh5 40. gxh5 Rd7 41. h6+ 1-0

[Event "Late-Titled-Tuesday-Blitz-December-26-2023"]
[Site "Chess.com"]
[Date "2023.12.26"]
[Round "4"]
[White "pedromartinez91"]
[Black "chegueps"]
[Result "1-0"]
[WhiteElo "2558"]
[BlackElo "2767"]
[TimeControl "180+1"]
[EndTime "14:36:57 PST"]
[Termination "pedromartinez91 won by resignation"]

1. Nf3 Nf6 2. g3 g6 3. Bg2 Bg7 4.
O-O O-O 5. d3 d6 6. e4 e5 7.
Nbd2 c6 8. c3 Nbd7 9. Re1 a5 10.
a4 h6 11. Nc4 Ne8 12. d4 exd4 13. Nxd4 Nc5 14. Bf4 g5 15. Be3 Ne6 16. Nf5 Qf6 17.
Ncxd6 Nxd6 18. Qxd6 Rd8 19. Qe7 Qxe7 20. Nxe7+ Kh7 21.
Rad1 Bd7 22. Bb6 Be8 23. Bxd8 Rxd8 24. Rxd8 Nxd8 25. Nf5 Bf8 26. Rd1 Ne6 27. Bf1 Nc5 28.
Rd8 1-0

[Event "Late-Titled-Tuesday-Blitz-December-26-2023"]
[Site "Chess.com"]
[Date "2023.12.26"]
[Round "4"]
[White "GABUZYAN_CHESSMOOD"]
[Black "djano"]
[Result "1-0"]
[WhiteElo "2899"]
[BlackElo "2646"]
[TimeControl "180+1"]
[EndTime "14:36:59 PST"]
[Termination "GABUZYAN_CHESSMOOD won by checkmate"]

1. e4 c5 2. Nc3 Nc6 3. Bb5 Nd4 4. Bc4 e6 5. Nge2 a6 6. a4 Qc7 7. O-O Nf6 8. d3 d6 9. Ba2 Be7 10. Nxd4 cxd4 11. Ne2 e5 12. Ng3 O-O 13. h3 Bd7 14. Bb3 Rac8 15. f4 Be6 16. Qf3 Nd7 17. Bxe6 fxe6 18.
Qg4 Rf6 19. f5 Qxc2 20. Nh5 Rf7 21. Bh6 exf5 22. Rxf5 g6 23. Rxf7 Kxf7 24. Qxd7 gxh5 25. Rf1+ Kg6 26. Qe6+ Bf6 27. Rxf6# 1-0

[Event "Late-Titled-Tuesday-Blitz-December-26-2023"]
[Site "Chess.com"]
[Date "2023.12.26"]
[Round "4"]
[White "The_Straightforward_Rook"]
[Black "BeardedNM"]
[Result "1-0"]
[WhiteElo "2439"]
[BlackElo "2163"]
[TimeControl "180+1"]
[EndTime "14:36:59 PST"]
[Termination "The_Straightforward_Rook won by resignation"]

1. e4 e6 2. Qe2 c5 3. Nf3 Nc6 4. g3 g6 5. Bg2 Bg7 6. O-O Nge7 7. c3 O-O 8. Re1 d6 9. d3 Rb8 10. a4 a6 11. Nbd2 b5 12. axb5 axb5 13. Nf1 b4 14.
Bd2 bxc3 15. bxc3 Rb2 16. Reb1 Qb6 17. Qd1 e5 18. Ne3 Be6 19. Ng5 Rb8 20. Rxb2 Qxb2 21. Nxe6 fxe6 22. Nc4 Qb5 23. Bh3 Nd8 24. Ra5 Qd7 25. Qa4 Qxa4 26. Rxa4 d5 27. Nd6 Rb6 28. Bg5 Kf8 29. Bxe7+ Kxe7 30. Nc8+ 1-0

[Event "Late-Titled-Tuesday-Blitz-December-26-2023"]
[Site "Chess.com"]
[Date "2023.12.26"]
[Round "4"]
[White "Championnn-9"]
[Black "Maect19"]
[Result "1-0"]
[WhiteElo "2511"]
[BlackElo "2353"]
[TimeControl "180+1"]
[EndTime "14:37:03 PST"]
[Termination "Championnn-9 won by resignation"]

1. d4 d5 2. Bf4 Nf6 3. e3 e6 4. Bd3 Bd6 5. Ne2 Nc6 6. c3 e5 7. dxe5 Nxe5 8. Bc2 Ng6 9. Bxd6 Qxd6 10.
Nd2 O-O 11. h3 Rd8 12. Nf3 Qe7 13. O-O Ne4 14. a4 a5 15. Ned4 c6 16. Qe2 Ne5 17. Nxe5 Qxe5 18. Bxe4 Qxe4 19. Qf3 Qxf3 20. Nxf3 c5 21.
Rfd1 Be6 22. Rd2 Kf8 23. Rad1 Ke7 24. Ne5 f6 25. Nd3 b6 26. Nf4 Rd6 27. Nxd5+ Kf7 28.
Nc7 Rxd2 29. Rxd2 Rc8 30. Nb5 Bb3 31. Nd6+ 1-0

[Event "Late-Titled-Tuesday-Blitz-December-26-2023"]
[Site "Chess.com"]
[Date "2023.12.26"]
[Round "4"]
[White "fugadelafuga"]
[Black "SlipperySpeedster"]
[Result "0-1"]
[WhiteElo "2433"]
[BlackElo "2626"]
[TimeControl "180+1"]
[EndTime "14:37:07 PST"]
[Termination "SlipperySpeedster won by resignation"]

1. c4 e6 2. Nf3 d5 3. b3 Nf6 4. Bb2 c5 5. e3 Nc6 6. Be2 d4 7.
d3 e5 8. Nbd2 Be7 9. O-O dxe3 10.
Ne4 exf2+ 11. Nxf2 Qc7 12. b4 cxb4 13. Ng5 O-O 14. Nfe4 Nxe4 15. Nxe4 f5 16. Ng3 Bc5+ 17. Kh1 Bd4 18. Rb1 a5 19. Bf3 Bxb2 20. Bd5+ Kh8 21.
Rxb2 Nd4 22. Qh5 g6 23. Qh6 Qg7 24. Qh4 Be6 25. Bxe6 Nxe6 26. Re2 Nf4 27. Rd2 g5 0-1

[Event "Late-Titled-Tuesday-Blitz-December-26-2023"]
[Site "Chess.com"]
[Date "2023.12.26"]
[Round "4"]
[White "campochess"]
[Black "ElenGajger"]
[Result "0-1"]
[WhiteElo "2168"]
[BlackElo "2439"]
[TimeControl "180+1"]
[EndTime "14:37:07 PST"]
[Termination "ElenGajger won by resignation"]

1. Nf3 Nf6 2. b3 g6 3. Bb2 Bg7 4. c4 O-O 5. g3 d5 6. cxd5 Nxd5 7. Bxg7 Kxg7 8. Bg2 c5 9. O-O Nc6 10. Nc3 Nxc3 11. dxc3 e5 12. Nd2 Qc7 13. Qc2 Bf5 14.
e4 Be6 15. Nf3 f6 16. Rfd1 Rfd8 17. Rxd8 Rxd8 18. Rd1 b5 19. Rxd8 Qxd8 20. Qd2 Qxd2 21. Nxd2 b4 22. Nb1 a5 23. Kf1 c4 24. Ke2 cxb3 25.
axb3 Bxb3 26. cxb4 Nxb4 27. Na3 a4 28. Kd2 h5 29. h4 g5 30. hxg5 fxg5 31. Kc3 Nc6 32. Nb5 Nd4 33. Nxd4 exd4+ 34. Kxd4 a3 35. Kc3 Be6 36.
f4 gxf4 37. gxf4 h4 38. f5 Bg8 39. e5 Bh7 40. f6+ Kf7 41. Bd5+ Kg6 42. Bg2 Bg8 43.
Be4+ Kg5 44. Bg6 Kxg6 0-1

[Event "Late-Titled-Tuesday-Blitz-December-26-2023"]
[Site "Chess.com"]
[Date "2023.12.26"]
[Round "4"]
[White "Predator0608"]
[Black "Greguer"]
[Result "0-1"]
[WhiteElo "2524"]
[BlackElo "2435"]
[TimeControl "180+1"]
[EndTime "14:37:08 PST"]
[Termination "Greguer won by resignation"]

1. f4 d5 2. Nf3 Nf6 3. g3 g6 4.
Bg2 Bg7 5. O-O O-O 6. d3 c5 7. Qe1 Nc6 8. e4 e6 9. e5 Ne8 10. g4 f6 11. exf6 Bxf6 12. Bh3 Bg7 13. c3 Nd6 14. Nbd2 Bd7 15. Rf2 Qc7 16. Nf1 Rae8 17. Ng3 e5 18. fxe5 Nxe5 19. Nxe5 Rxf2 20. Qxf2 Bxe5 21.
Be3 Rf8 22. Qg2 d4 23. cxd4 cxd4 24. Bxd4 Bxd4+ 0-1

[Event "Late-Titled-Tuesday-Blitz-December-26-2023"]
[Site "Chess.com"]
[Date "2023.12.26"]
[Round "4"]
[White "ChristopherYoo"]
[Black "Bryanl106"]
[Result "1-0"]
[WhiteElo "2975"]
[BlackElo "2569"]
[TimeControl "180+1"]
[EndTime "14:37:11 PST"]
[Termination "ChristopherYoo won by checkmate"]

1. Nf3 Nf6 2. c4 g6 3. Nc3 Bg7 4. e4 d6 5. d4 O-O 6. Be2 e5 7. O-O Nc6 8. d5 Ne7 9. Ne1 Nd7 10. Be3 f5 11. f3 f4 12. Bf2 g5 13.
Nd3 h5 14. c5 Ng6 15. Rc1 a6 16. Qb3 Kh7 17. Na4 Rf7 18. c6 b5 19. cxd7 Bxd7 20. Nc3 g4 21. Kh1 g3 22. hxg3 fxg3 23. Bxg3 Bh6 24. Rcd1 Rg7 25. Bh2 Nf4 26. g3 Bh3 27.
Rg1 Qg8 28. Nf2 Nxe2 29. Nxe2 Bd7 30. f4 exf4 31. gxf4 Rf8 32. Rxg7+ Qxg7 33. Rg1 Qe7 34. Qc2 Bc8 35. f5 Be3 36. Nf4 Bxf2 37. Ng6 Qe8 38. Nxf8+ Kh6 39. Bf4# 1-0

[Event "Late-Titled-Tuesday-Blitz-December-26-2023"]
[Site "Chess.com"]
[Date "2023.12.26"]
[Round "4"]
[White "IgorBjelobrk"]
[Black "thesupera12"]
[Result "1-0"]
[WhiteElo "2663"]
[BlackElo "2398"]
[TimeControl "180+1"]
[EndTime "14:37:11 PST"]
[Termination "IgorBjelobrk won by resignation"]

1. d4 b6 2. e4 Bb7 3. Nc3 e6 4. Nf3 c5 5. d5 Nf6 6. Bc4 d6 7. dxe6 fxe6 8. Ng5 Qe7 9. Nxe6 Nxe4 10. Nd5 Nxf2 11.
Qe2 Bxd5 12. Bxd5 Nxh1 13. Bg5 1-0

[Event "Late-Titled-Tuesday-Blitz-December-26-2023"]
[Site "Chess.com"]
[Date "2023.12.26"]
[Round "4"]
[White "sakkikuska"]
[Black "Walter_White_Poland"]
[Result "0-1"]
[WhiteElo "2457"]
[BlackElo "2291"]
[TimeControl "180+1"]
[EndTime "14:37:12 PST"]
[Termination "Walter_White_Poland won by resignation"]

1. e4 e6 2. d4 d5 3. exd5 exd5 4.
Nf3 c6 5. Bd3 Bd6 6. h3 Ne7 7.
O-O O-O 8. Re1 Bf5 9. c3 Qd7 10.
Bg5 Bxd3 11. Qxd3 f6 12. Bd2 Na6 13. a4 Nc7 14. Na3 a6 15. Nc2 Rfe8 16. b3 Qf5 17. Qxf5 Nxf5 18. Ne3 Nxe3 19. Rxe3 Rxe3 20. Bxe3 h5 21.
g4 hxg4 22. hxg4 Kf7 23. Kg2 Re8 24. Re1 b5 25. axb5 axb5 26. Ra1 Ra8 27. Rxa8 Nxa8 28. Ne1 Nc7 29. Nd3 Ne6 30. f4 g6 31. f5 gxf5 32. gxf5 Ng7 33. Kf3 Nxf5 34. Bf4 Be7 35. Nb2 Ke6 36.
Bd2 Nd6 37. Bf4 Ne4 38. c4 Bb4 39. Nd3 Bc3 40. cxd5+ Kxd5 41. Bh2 Kxd4 42. Bg1+ Kxd3 0-1

[Event "Late-Titled-Tuesday-Blitz-December-26-2023"]
[Site "Chess.com"]
[Date "2023.12.26"]
[Round "4"]
[White "Zadar321"]
[Black "Vaporwaffle94"]
[Result "1-0"]
[WhiteElo "2418"]
[BlackElo "2059"]
[TimeControl "180+1"]
[EndTime "14:37:12 PST"]
[Termination "Zadar321 won by resignation"]

1. e4 c5 2. Nf3 e6 3. d4 cxd4 4.
Nxd4 Nf6 5. Nc3 Nc6 6. Ndb5 Bb4 7.
a3 Bxc3+ 8. Nxc3 d5 9. Bd3 dxe4 10. Nxe4 Nxe4 11. Bxe4 Qxd1+ 12. Kxd1 f5 13. Bxc6+ bxc6 14. Bf4 Ba6 15. Kc1 O-O-O 16. b3 h6 17. h4 g5 18. Be5 Rhg8 19. hxg5 Rxg5 20. Bf6 Rxg2 21. Bxd8 Kxd8 22. Rxh6 Kd7 23. Rh7+ Kd6 24. Rxa7 Be2 25. f4 Bf3 26.
a4 Be4 27. Ra2 Rf2 28. a5 Rxf4 29. a6 Rf1+ 30. Kb2 f4 31. Rf7 c5 32. a7 Ke5 33.
Ra4 Bd5 34. Ra5 f3 35. Rxc5 1-0

[Event "Late-Titled-Tuesday-Blitz-December-26-2023"]
[Site "Chess.com"]
[Date "2023.12.26"]
[Round "4"]
[White "WPWPWP-2015"]
[Black "Kapitan_Bayan"]
[Result "1-0"]
[WhiteElo "2585"]
[BlackElo "2321"]
[TimeControl "180+1"]
[EndTime "14:37:14 PST"]
[Termination "WPWPWP-2015 won by resignation"]

1. e4 c5 2. Nf3 d6 3. d4 cxd4 4. Nxd4 Nf6 5. Nc3 a6 6. h3 e5 7.
Nde2 h5 8. Nd5 Nbd7 9. Be3 Nxd5 10. Qxd5 Nf6 11. Qd3 Be7 12. O-O-O b5 13. Nc3 Bb7 14. f4 Qc7 15. Be2 Rc8 16. Rd2 b4 17. Nd5 Bxd5 18.
exd5 e4 19. Qd4 a5 20. Bb5+ Kf8 21. Ba4 h4 22. Kb1 Nh5 23. Bf2 Nxf4 24. Qxe4 Bg5 25. Be3 Qc4 26. Qf5 Rh5 27. Rd4 Bf6 28. Rxc4 Rxc4 29. Qd7 1-0

[Event "Late-Titled-Tuesday-Blitz-December-26-2023"]
[Site "Chess.com"]
[Date "2023.12.26"]
[Round "4"]
[White "rrgchessmaster05"]
[Black "greekplayer1"]
[Result "0-1"]
[WhiteElo "2516"]
[BlackElo "2722"]
[TimeControl "180+1"]
[EndTime "14:37:17 PST"]
[Termination "greekplayer1 won by resignation"]

1. d4 Nf6 2. Nf3 e6 3. c4 c5 4. d5 exd5 5. cxd5 d6 6. Nc3 g6 7. h3 Bg7 8. e4 O-O 9. Nd2 Re8 10. Be2 Nbd7 11. O-O a6 12. a4 Rb8 13. a5 h5 14.
Re1 Nh7 15. Qc2 Ndf8 16. Nc4 Ng5 17. f4 Nxh3+ 18. gxh3 Qh4 19. Bf3 Qxe1+ 20. Kg2 Qh4 21. f5 gxf5 22. Nxd6 f4 23. Nxc8 Qg3+ 0-1

[Event "Late-Titled-Tuesday-Blitz-December-26-2023"]
[Site "Chess.com"]
[Date "2023.12.26"]
[Round "4"]
[White "ATM622"]
[Black "Sanyura"]
[Result "0-1"]
[WhiteElo "2412"]
[BlackElo "2617"]
[TimeControl "180+1"]
[EndTime "14:37:21 PST"]
[Termination "Sanyura won by resignation"]

1. d4 Nf6 2. c4 g6 3. g3 Bg7 4. Bg2 O-O 5. Nf3 d6 6. O-O Nbd7 7. Nc3 e5 8. dxe5 dxe5 9. b3 Qe7 10. Bb2 c6 11. Qc2 Nc5 12. Ng5 Bf5 13. Nge4 Nfxe4 14. Nxe4 Nxe4 15. Bxe4 Bxe4 16. Qxe4 f5 17. Qc2 h5 18. h4 Kh7 19. Rad1 f4 20. Kg2 Rf5 21. Qd3 Raf8 22. Qd7 Qc5 23. e4 fxe3 24. fxe3 Qxe3 25.
Rxf5 Qe2+ 26. Kh1 Rxf5 27. Ba1 Rf2 28. Qh3 0-1

[Event "Late-Titled-Tuesday-Blitz-December-26-2023"]
[Site "Chess.com"]
[Date "2023.12.26"]
[Round "4"]
[White "hangemhigh"]
[Black "Nick12772"]
[Result "1-0"]
[WhiteElo "2468"]
[BlackElo "2307"]
[TimeControl "180+1"]
[EndTime "14:37:23 PST"]
[Termination "hangemhigh won by resignation"]

1. d4 Nf6 2. Nc3 e6 3. e4 d5 4. Bg5 Bb4 5. e5 h6 6. Be3 Ne4 7. Qg4 Kf8 8. Ne2 c5 9. dxc5 Qa5 10.
O-O-O Bxc3 11. Nxc3 Nxc3 12. bxc3 Qxa2 13. Bd3 Nd7 14.
Qd4 Qa5 15. Kd2 Qc7 16. f4 b6 17. cxb6 axb6 18. Ra1 Rb8 19. Qb4+ Kg8 20. Qe7 g6 21. h4 h5 22. Rh3 Kg7 23. Rg3 Qd8 24. Rxg6+ 1-0

[Event "Late-Titled-Tuesday-Blitz-December-26-2023"]
[Site "Chess.com"]
[Date "2023.12.26"]
[Round "4"]
[White "aranibos"]
[Black "NovakRatko"]
[Result "0-1"]
[WhiteElo "2156"]
[BlackElo "2435"]
[TimeControl "180+1"]
[EndTime "14:37:27 PST"]
[Termination "NovakRatko won by resignation"]

1. d4 d5 2. Nf3 c5 3. c3 cxd4 4. cxd4 Nc6 5. Nc3 f6 6. e4 dxe4 7. Nxe4 e5 8. d5 Bb4+ 9. Nc3 Nce7 10. Qa4+ Nc6 11. dxc6 Bxc3+ 12. bxc3 bxc6 13. Bc4 Bd7 14. O-O Ne7 15. Rd1 Nd5 16. Ba3 Kf7 17. Rxd5 cxd5 18. Bxd5+ Kg6 19. Bxa8 Bxa4 20. Be4+ Kh6 21. Re1 g6 22. g4 Re8 23. Re2 Qd7 24. h3 Bc6 25. Rd2 Qb7 26. Bxc6 Qxc6 27. Bc1 Kg7 28. Ne1 Qxc3 29.
Rc2 Qxe1+ 0-1

[Event "Late-Titled-Tuesday-Blitz-December-26-2023"]
[Site "Chess.com"]
[Date "2023.12.26"]
[Round "4"]
[White "Gyulamiryan-koryun"]
[Black "Viktor_Poddubnyi"]
[Result "0-1"]
[WhiteElo "2028"]
[BlackElo "2292"]
[TimeControl "180+1"]
[EndTime "14:37:34 PST"]
[Termination "Viktor_Poddubnyi won by resignation"]

1. e4 g6 2. d4 Bg7 3. f4 d6 4.
Nf3 Nf6 5. Bd3 O-O 6. O-O Nc6 7. c3 e5 8. fxe5 dxe5 9. d5 Ne7 10.
c4 Ne8 11. Nc3 b6 12. Be3 Nd6 13. Qd2 f5 14. Bh6 f4 15. Bxg7 Kxg7 16. Nxe5 g5 17. Be2 Qe8 18. b3 Nef5 19. Ng4 Nxe4 20. Qd4+ Nxd4 21.
Bd3 Nxc3 22. Nf2 Bf5 23. Rfe1 Qf7 24. Re5 Rae8 25. Rae1 Rxe5 26. Rxe5 Re8 27. Rxe8 Qxe8 28. h3 Bxd3 29. Nxd3 Qe3+ 30. Nf2 Nce2+ 0-1

[Event "Late-Titled-Tuesday-Blitz-December-26-2023"]
[Site "Chess.com"]
[Date "2023.12.26"]
[Round "4"]
[White "Shankland"]
[Black "karinachess1"]
[Result "1-0"]
[WhiteElo "2933"]
[BlackElo "2562"]
[TimeControl "180+1"]
[EndTime "14:37:35 PST"]
[Termination "Shankland won by resignation"]

1. d4 Nf6 2. c4 e6 3. Nf3 d5 4. Nc3 Be7 5. Qc2 O-O 6. Bg5 c5 7. cxd5 exd5 8. e3 Nc6 9. dxc5 h6 10. Bh4 Bxc5 11. Rd1 Be6 12. Bb5 Be7 13. O-O Rc8 14. Qa4 Qb6 15. Bxf6 Bxf6 16. Nxd5 Bxd5 17. Rxd5 Bxb2 18.
Rb1 Bf6 19. h4 Rfd8 20. Rxd8+ Rxd8 21. Bd3 Qc7 22. Qe4 Qd7 23. Qh7+ Kf8 24. Be4 b6 25. Rc1 Ne5 26. Nd4 g6 27. h5 Qg4 28. hxg6 Nxg6 29. Bxg6 Qxg6 30. Qxg6 fxg6 31. Ne6+ 1-0

[Event "Late-Titled-Tuesday-Blitz-December-26-2023"]
[Site "Chess.com"]
[Date "2023.12.26"]
[Round "4"]
[White "GMthekingindian"]
[Black "Skatchkov_V"]
[Result "0-1"]
[WhiteElo "2307"]
[BlackElo "2569"]
[TimeControl "180+1"]
[EndTime "14:37:40 PST"]
[Termination "Skatchkov_V won by resignation"]

1. e3 d5 2. b3 Nf6 3. Bb2 g6 4. Nf3 Bg7 5. d4 O-O 6. Be2 b6 7. O-O Bb7 8. c4 c5 9. dxc5 bxc5 10.
Nbd2 d4 11. exd4 Nh5 12. Ne5 cxd4 13. Bxh5 Bxe5 14. Bf3 Nc6 15. Bd5 e6 16. Bxc6 Bxc6 17.
Nf3 Bxf3 18. Qxf3 Bg7 19. Qd3 e5 20. f4 f6 21. c5 Qd5 22. Rac1 Rac8 23. a4 Rxc5 24.
Rxc5 Qxc5 25. Rc1 Qd5 26. Ba3 Rb8 27. Qa6 Rb7 28. Rc8+ Kf7 29. Qa5 Qxa5 0-1

[Event "Late-Titled-Tuesday-Blitz-December-26-2023"]
[Site "Chess.com"]
[Date "2023.12.26"]
[Round "4"]
[White "McCarthyStone"]
[Black "cthake"]
[Result "1-0"]
[WhiteElo "2409"]
[BlackElo "1911"]
[TimeControl "180+1"]
[EndTime "14:37:45 PST"]
[Termination "McCarthyStone won by resignation"]

1. e4 c5 2. Nf3 d6 3. c4 Nf6 4. Nc3 Nc6 5. d4 cxd4 6. Nxd4 a6 7. Be2 g6 8. Be3 Bg7 9. O-O O-O 10. f3 Bd7 11.
Qd2 Rc8 12. Rfc1 Ne5 13. b3 Nc6 14. a3 Ne8 15. Nd5 e6 16. Nc3 Nc7 17. Ra2 Ne5 18. f4 Nc6 19. Bf3 Nxd4 20. Bxd4 Bc6 21. Rac2 Qe7 22.
Rd1 Rfd8 23. b4 e5 24. Bb6 Rd7 25. b5 axb5 26. cxb5 d5 27. bxc6 bxc6 28. exd5 e4 29. Bxe4 Nxd5 30. Bxd5 cxd5 31. Nxd5 Rxc2 32. Nxe7+ Rxe7 33. Qxc2 Bf6 1-0

[Event "Late-Titled-Tuesday-Blitz-December-26-2023"]
[Site "Chess.com"]
[Date "2023.12.26"]
[Round "4"]
[White "HajiyevKanan"]
[Black "BilodeauA"]
[Result "0-1"]
[WhiteElo "2636"]
[BlackElo "2890"]
[TimeControl "180+1"]
[EndTime "14:37:57 PST"]
[Termination "BilodeauA won on time"]

1. d4 d5 2. c4 dxc4 3. e3 e5 4. Nf3 e4 5. Nfd2 f5 6. Bxc4 Nf6 7. Qb3 Qd7 8. Nc3 Nc6 9. Bb5 a6 10. Qa4 Bd6 11. d5 axb5 12. Qxa8 Nb4 13. O-O O-O 14. Qa5 c6 15. dxc6 bxc6 16. Rd1 Nd3 17. h3 Bb7 18. Qb6 Bc5 19. Qa5 Ra8 20. Qxa8+ Bxa8 21. Nb3 Bb6 22. Ne2 c5 23. Rb1 c4 24. Nbd4 f4 25. Nxf4 g5 26.
Nfe2 Qf7 27. b3 Nd7 28. bxc4 Qxf2+ 29. Kh1 Qf7 30. cxb5 Nf2+ 31. Kh2 Nxd1 32. Ba3 Bc7+ 0-1

[Event "Late-Titled-Tuesday-Blitz-December-26-2023"]
[Site "Chess.com"]
[Date "2023.12.26"]
[Round "4"]
[White "misterlamine"]
[Black "tripledes"]
[Result "1-0"]
[WhiteElo "2448"]
[BlackElo "2215"]
[TimeControl "180+1"]
[EndTime "14:37:57 PST"]
[Termination "misterlamine won by resignation"]

1. d4 f5 2. c4 e6 3. Nf3 Nf6 4.
g3 d5 5. Bg2 Be7 6. O-O Ne4 7.
Nc3 Nc6 8. Bf4 g5 9. Be5 Nxe5 10. Nxe5 Bf6 11. e3 h5 12. f4 g4 13. Bxe4 dxe4 14.
d5 Bxe5 15. fxe5 Qg5 16. Rf4 h4 17. Nb5 Rh7 18. d6 cxd6 19. Nxd6+ Kf8 20. Nxe4 Qh6 21. Qd8+ Kf7 22. Ng5+ Kg6 23. Qf6+ Kh5 24. Nxh7 Qxh7 25. Qxh4+ Kg6 26. Qf6+ Kh5 27. h3 Bd7 28. hxg4+ fxg4 1-0

[Event "Late-Titled-Tuesday-Blitz-December-26-2023"]
[Site "Chess.com"]
[Date "2023.12.26"]
[Round "4"]
[White "YurasovMat-2012"]
[Black "youngdinousaur"]
[Result "1-0"]
[WhiteElo "2540"]
[BlackElo "2296"]
[TimeControl "180+1"]
[EndTime "14:37:58 PST"]
[Termination "YurasovMat-2012 won by checkmate"]

1. e4 c5 2. Nf3 e6 3. g3 Nc6 4.
Bg2 Nf6 5. d3 d5 6. Nbd2 Be7 7.
O-O O-O 8. Re1 b5 9. e5 Nd7 10. Nf1 Bb7 11. h4 Qc7 12. Bf4 d4 13. h5 h6 14.
N1h2 Nb4 15. Ng4 Nd5 16. Bd2 Rac8 17. Qc1 Rfd8 18. Bxh6 gxh6 19. Qxh6 c4 20. Re4 cxd3 21. cxd3 Qc2 22. Nxd4 Qxd3 23. Nh2 Ne3 24. Rxe3 Qxd4 25. Bxb7 Rc2 26. Rf1 Nxe5 27. Be4 Rxb2 28. Qh7+ Kf8 29.
Qh8# 1-0

[Event "Late-Titled-Tuesday-Blitz-December-26-2023"]
[Site "Chess.com"]
[Date "2023.12.26"]
[Round "4"]
[White "penguingm1"]
[Black "FoxOnTheRun97"]
[Result "1-0"]
[WhiteElo "2898"]
[BlackElo "2560"]
[TimeControl "180+1"]
[EndTime "14:37:59 PST"]
[Termination "penguingm1 won by resignation"]

1. d4 Nf6 2. Nf3 e6 3. Bf4 d5 4. e3 Bd6 5. Nbd2 O-O 6. c3 c5 7. Bd3 Qc7 8. Bxd6 Qxd6 9. Ne5 cxd4 10. exd4 b6 11. Qe2 a5 12. O-O Ba6 13. Bxa6 Rxa6 14. f4 Ra7 15. Rf3 Nfd7 16. Rh3 g6 17. Qf2 f6 18.
Qh4 Nxe5 19. fxe5 fxe5 20. Nf3 exd4 21. cxd4 Qf4 22. Qe1 Re7 23. Rh4 Qf6 24. Qg3 Nc6 25. Re1 Nb4 26. Rg4 Nd3 27. Re3 Nxb2 28. h4 Nc4 29.
Re2 Rg7 30. Kh2 b5 31. Ng5 Re8 32. Rf4 Qe7 33. Rxe6 Qd7 34. Qf3 Rge7 35. Rxe7 Qxe7 36. Qxd5+ Kh8 37. Re4 Qd6+ 38. Qxd6 Nxd6 39. Nf7+ Kg7 40. Nxd6 Rd8 41. Nxb5 a4 42. Nc7 Kf6 43. d5 Kf5 44.
Re1 Rd7 45. Rc1 h6 46. Kg3 g5 47. h5 a3 48. Rc3 Ke5 49. Nb5 Rxd5 50. Nxa3 Rd2 51.
Nc4+ Kd4 52. Nxd2 Kxc3 53. Ne4+ 1-0

[Event "Late-Titled-Tuesday-Blitz-December-26-2023"]
[Site "Chess.com"]
[Date "2023.12.26"]
[Round "4"]
[White "GoValya"]
[Black "katharinareinecke"]
[Result "1/2-1/2"]
[WhiteElo "2308"]
[BlackElo "2020"]
[TimeControl "180+1"]
[EndTime "14:38:01 PST"]
[Termination "Game drawn by repetition"]

1. d4 d5 2. c4 c6 3. Nf3 Nf6 4. Nc3 e6 5. e3 Be7 6. Be2 O-O 7. O-O dxc4 8. Bxc4 b5 9. Bd3 Bb7 10. Ne4 Nbd7 11. Qc2 a6 12. Nc5 Nxc5 13. dxc5 Qc7 14. b4 a5 15. Bb2 axb4 16. Bxf6 Bxf6 17. Bxh7+ Kh8 18. Rab1 g6 19. Bxg6 fxg6 20. Qxg6 Qg7 21. Qh5+ Qh7 22. Qg4 Rg8 23. Qxe6 Qg7 24. g3 Bc8 25.
Qe4 Rxa2 26. Rxb4 Rb2 27. Rxb2 Bxb2 28. Rd1 Bf6 29. Rd6 Rd8 30. Rxd8+ Bxd8 31. Qe8+ Qg8 32. Qh5+ Qh7 33. Qe8+ Qg8 34. Qh5+ Qh7 35. Qe8+ Qg8 1/2-1/2

[Event "Late-Titled-Tuesday-Blitz-December-26-2023"]
[Site "Chess.com"]
[Date "2023.12.26"]
[Round "4"]
[White "adricalderon8"]
[Black "Dewarfd"]
[Result "1-0"]
[WhiteElo "2431"]
[BlackElo "2118"]
[TimeControl "180+1"]
[EndTime "14:38:05 PST"]
[Termination "adricalderon8 won by resignation"]

1. d4 d5 2. c4 e6 3. Nc3 c5 4. cxd5 exd5 5. Nf3 Nc6 6. e3 Nf6 7. Bb5 cxd4 8. Nxd4 Bd7 9. O-O Bd6 10. b3 O-O 11. h3 Nxd4 12. Qxd4 Re8 13. Bb2 Be5 14. Qd3 Bxb5 15. Qxb5 Rc8 16. Rac1 Qe7 17. Na4 a6 18. Qd3 Bxb2 19. Nxb2 Qe4 20. Qd2 h6 21. Nd3 b6 22. Nb2 d4 23. exd4 Rxc1 24. Rxc1 Nd5 25. Nc4 Nf4 26. Ne3 Qg6 27. Kh2 Rxe3 28. fxe3 Nd5 29.
Re1 Nf6 30. Qe2 Ne4 31. Qg4 Qd6+ 32. Kg1 g6 33. Qxe4 1-0

[Event "Late-Titled-Tuesday-Blitz-December-26-2023"]
[Site "Chess.com"]
[Date "2023.12.26"]
[Round "4"]
[White "SandwichOSaumon"]
[Black "WolfBaoBaoLang"]
[Result "1-0"]
[WhiteElo "2459"]
[BlackElo "2179"]
[TimeControl "180+1"]
[EndTime "14:38:07 PST"]
[Termination "SandwichOSaumon won by resignation"]

1. d4 Nf6 2. c4 g6 3. Nc3 d5 4. Nf3 Bg7 5. e3 O-O 6. Be2 c5 7. dxc5 Qa5 8. cxd5 Nxd5 9. Qxd5 Bxc3+ 10. Nd2 Rd8 11. Qxd8+ Qxd8 12. bxc3 Nd7 13. Ba3 Qc7 14. Nb3 a5 15. O-O a4 16. Nd4 Nxc5 17. Nb5 Qc6 18. Nd4 Qc7 19. Nb5 Qe5 20. Nd4 Ne4 21. Bb4 Bd7 22.
Bf3 Bc6 23. Nxc6 bxc6 24. Rfd1 Nxc3 25. Bxc3 Qxc3 26. Rac1 Qb2 27. Bxc6 Rc8 28. Rb1 Qxa2 29. Ra1 Qb3 30. Bxa4 Qb2 31. Bd7 Rd8 32. Bg4 Rxd1+ 33. Rxd1 Kg7 34. Bf3 e5 35. g3 f5 36. e4 Qb3 37.
Kg2 Kh6 38. exf5 gxf5 39. Rd6+ Kg7 40. Rd7+ Kg6 41. Rd6+ Kf7 42. Bd5+ 1-0

[Event "Late-Titled-Tuesday-Blitz-December-26-2023"]
[Site "Chess.com"]
[Date "2023.12.26"]
[Round "4"]
[White "elchacal664"]
[Black "AGW2016"]
[Result "0-1"]
[WhiteElo "2289"]
[BlackElo "2564"]
[TimeControl "180+1"]
[EndTime "14:38:11 PST"]
[Termination "AGW2016 won by resignation"]

1. e4 c5 2. c3 d5 3. d3 Nc6 4.
Nf3 g6 5. Be3 d4 6. cxd4 cxd4 7.
Bf4 Bg7 8. Nbd2 e5 9. Bg5 Nge7 10.
Be2 O-O 11. O-O h6 12. Bh4 Be6 13. a3 a5 14. Rc1 Qb6 15. Qc2 Rfc8 16. Qb1 a4 17.
Nc4 Qc7 18. Bxe7 Nxe7 19. Ncxe5 Qb6 20. Rxc8+ Rxc8 21. Rc1 Nc6 22. Nc4 Qd8 23. Ncd2 h5 24. Bd1 b5 25. b3 b4 26. axb4 a3 27. b5 Nb4 28. Nc4 a2 29. Qa1 Nxd3 30. Rc2 Nb4 31. Rd2 d3 32. e5 Bxc4 33. bxc4 Rxc4 34.
h4 Qc7 35. Rxa2 Nxa2 36. Qxa2 Rc1 37. Qa8+ Bf8 38. Qa4 Qc2 0-1